 Dungeon Crawl Stone Soup version 0.28-a0-1199-gef9e1dbd39 (webtiles) character file.

Game seed: 6273539017654041008

199 Peloso the Covered (level 5, -1/42 HPs)
             Began as a Minotaur Fighter on Dec 19, 2021.
             Slain by a gnoll (5 damage)
             ... on level 3 of the Dungeon.
             The game lasted 00:04:16 (2466 turns).

Peloso the Covered (Minotaur Fighter)               Turns: 2466, Time: 00:04:16

Health: -1/42      AC:  7    Str: 21    XL:     5   Next: 48%
Magic:  4/4        EV:  9    Int:  5    God:
Gold:   115        SH:  4    Dex: 11    Spells: 4/4 levels left

rFire   . . .      SeeInvis .   a - +0 long sword
rCold   . . .      Faith    .   c - +0 buckler
rNeg    . . .      Spirit   .   b - +0 scale mail
rPois   .          Reflect  .   (helmet restricted)
rElec   .          Harm     .   (no cloak)
rCorr   .          Rampage  .   (no gloves)
Will    .....                   (no boots)
Stlth   ..........              (no amulet)
HPRegen 0.14/turn               (no ring)
MPRegen 0.09/turn               (no ring)

@: no status effects
A: horns 2, retaliatory headbutt, frail 1, passive freeze
a: no special abilities


You were on level 3 of the Dungeon.
You visited 1 branch of the dungeon, and saw 3 of its levels.

You collected 115 gold pieces.

Inventory:

Hand Weapons
 a - a +0 long sword (weapon)
Armour
 b - a +0 scale mail (worn)
 c - a +0 buckler (worn)
Wands
 l - a wand of digging (5)
Scrolls
 e - a scroll of enchant armour
 f - 2 scrolls of vulnerability {unknown}
 i - a scroll of enchant weapon
 k - a scroll of silence {unknown}
 m - a scroll of blinking {unknown}
Potions
 g - a potion of brilliance
 j - a potion of flight {unknown}
 n - a potion of heal wounds {unknown}


   Skills:
 + Level 4.4 Fighting
 + Level 4.7 Long Blades
 + Level 5.0 Armour
 + Level 0.3 Dodging
 + Level 0.6 Stealth
 + Level 4.3 Shields


You had 4 spell levels left.
You didn't know any spells.
Your spell library was empty.

Dungeon Overview and Level Annotations

Branches:
Dungeon (3/15)

Altars:


Innate Abilities, Weirdness & Mutations

You have a pair of horns on your head.
You reflexively headbutt those who attack you in melee.
You are frail. (-10% HP)
A frigid envelope surrounds you and freezes all who hurt you.


Message History

The gnoll is heavily wounded.
You block the gnoll's attack.
The gnoll hits you from afar with a +0 spear.
* * * LOW HITPOINT WARNING * * *
The goblin hits you but does no damage.
It was a potion of mutation.
You feel extremely strange.
You feel frail.
Your skin feels very cold.
The gnoll hits you with a +2 vorpal spear.
* * * LOW HITPOINT WARNING * * *
x2 The gnoll is very cold.
The gnoll is heavily wounded.
You block the gnoll's attack. The goblin hits you but does no damage.
The goblin is very cold.
You kill the goblin!
Okay, then.
It was a potion of curing.
You feel better. You block the bat's attack.
The gnoll hits you with a +2 vorpal spear.
* * * LOW HITPOINT WARNING * * *
x2 The gnoll is very cold.
You kill the gnoll!
The gnoll hits you but does no damage. The gnoll hits you with a +0 spear.
* * * LOW HITPOINT WARNING * * *
The gnoll is very cold.
The gnoll is moderately wounded.
The bat hits you but does no damage.
The bat is very cold.
You kill the bat!
Things that are here:
a +2 vorpal spear; a gnoll corpse You completely miss the gnoll.
Your headbutt misses the gnoll.
The gnoll is moderately wounded.
The gnoll barely misses you.
Unknown command.
You slash the gnoll!
You kill the gnoll!
Unknown command.
You hit the gnoll but do no damage. You headbutt the gnoll!
The gnoll is severely wounded.
The gnoll hits you with a +0 whip.
You die...

...#...#..≈≈##
...'...)..≈≈≈#
...#...#..≈≈≈##
#).#########≈≈#
#..........#≈≈#########
#.....÷....'...#....ggg
#....))....'.....#
#..........'...#g#
#..........#≈≈##@#
#..#########≈≈##.#
#..#...#..≈≈≈###)#
#..'...').≈≈≈# #(#
####...#..≈≈## #.#
...#####..≈≈# #..
.......)..≈≈# #..
.........≈≈≈# ...#
≈≈≈≈≈≈≈≈≈≈≈## .###


You could see a gnoll.

Vanquished Creatures
  Ijyb (D:3)
  An orc wizard (D:3)
  An adder (D:3)
  6 gnolls
  A dart slug (D:1)
  3 orcs (D:3)
  7 bats
  5 endoplasms
  3 giant cockroaches
  9 hobgoblins
  3 jackals (D:3)
  3 quokkas (D:1)
  5 ball pythons
  6 frilled lizards
  14 goblins
  4 kobolds
  A rat (D:1)
73 creatures vanquished.

Vanquished Creatures (others)
  A plant (D:1)
1 creature vanquished.

Grand Total: 74 creatures vanquished

Notes
Turn   | Place    | Note
-------+----------+-------------------------------------------
     0 | D:1      | Peloso the Minotaur Fighter began the quest for the Orb.
     0 | D:1      | Reached XP level 1. HP: 19/19 MP: 0/0
   174 | D:1      | Found a faded altar of an unknown god.
   183 | D:1      | Reached XP level 2. HP: 27/27 MP: 1/1
   359 | D:1      | Reached skill level 4 in Armour
   547 | D:1      | Reached XP level 3. HP: 33/33 MP: 2/2
  1134 | D:2      | Reached XP level 4. HP: 21/40 MP: 3/3
  2183 | D:3      | Reached XP level 5. HP: 46/46 MP: 4/4
  2192 | D:3      | Noticed Ijyb
  2248 | D:3      | Killed Ijyb
  2249 | D:3      | Reached skill level 5 in Armour
  2461 | D:3      | Gained mutation: You are frail. (-10% HP) [potion of
                  | mutation]
  2461 | D:3      | Gained mutation: A frigid envelope surrounds you and
                  | freezes all who hurt you. [potion of mutation]
  2466 | D:3      | Slain by a gnoll

Illustrated notes

Levels and vault maps discovered:
D:1:      dpeg_arrival_orchard, layout_basic, serial_bayou,
          serial_bayou_crossing, serial_bayou_lagoon_a, serial_bayou_pond_a,
          serial_bayou_pond_d, ebering_ecumenical_altar_abandoned
D:2:      layout_basic, minmay_misc_feat_rows
D:3:      kennysheep_goblin_castle, layout_basic, minmay_quantized

Skill      XL: |  1  2  3  4  5 |
---------------+----------------+-----
Armour         | 4 5 |  5.0
Fighting       | 4 |  4.4
Long Blades    | 3 4 |  4.7
Shields        | 4 |  4.3
Dodging        | |  0.3
Stealth        | |  0.6

Action                   |  1- 3 |  4- 6 || total
-------------------------+-------+-------++-------
Melee: Long sword        |    68 |    82 ||   150
       Headbutt          |     9 |    10 ||    19
  Use: Potion            |     1 |     2 ||     3
       Scroll            |       |     4 ||     4
Armor: Scale mail        |    36 |    33 ||    69
Dodge: Dodged            |    35 |    32 ||    67
Block: Buckler           |    13 |    22 ||    35

Table legend: (Time is in decaauts)
 A = Elapsed time spent in this place.
 B = Non-inter-level travel time spent in this place.
 C = Inter-level travel time spent in this place.
 D = Time resting spent in this place.
 E = Time spent auto-exploring this place.
 F = Levels seen in this place.
 G = Mean time per level.
                   A        B        C        D        E       F      G
               +--------+--------+--------+--------+--------+-----+--------+
         Total |   2532 |   2448 |     84 |      0 |   1904 |   3 |  844.0 |
       Dungeon |   2532 |   2448 |     84 |      0 |   1904 |   3 |  844.0 |
               +--------+--------+--------+--------+--------+-----+--------+

Top non-repeatable levels by time:
     D:1: 1118 daAuts
     D:2: 778 daAuts
     D:3: 635 daAuts
